 Dungeon Crawl Stone Soup version 0.20.1-1-g8b1a95d (webtiles) character file.

403 Internecine the Chopper (level 6, 0/51 HPs)
             Began as a Hill Orc Skald on Oct 2, 2017.
             Slain by Kloppie's ghost (19 damage)
             ... on level 4 of the Dungeon.
             The game lasted 00:38:54 (3222 turns).

Internecine the Chopper (Hill Orc Skald)            Turns: 3222, Time: 00:38:55

Health: 0/51       AC:  5    Str: 14    XL:     6   Next: 86%
Magic:  6/9        EV: 11    Int: 13    God:
Gold:   82         SH:  0    Dex: 12    Spells: 1/9 levels left

rFire    . . .     SeeInvis .   x - +2 short sword (protect)
rCold    . . .     Gourm    .   (no shield)
rNeg     . . .     Faith    .   H - +0 ring mail
rPois    +         Spirit   .   (no helmet)
rElec    .         Reflect  .   (no cloak)
rCorr    .         Harm     .   (no gloves)
MR       .....                  (no boots)
Stlth    +.........             (no amulet)
Regen    0.2/turn               z - ring of poison resistance
MPRegen  0.2/turn               (no ring)

@: very slightly contaminated
A: no striking features
a: no special abilities


You were on level 4 of the Dungeon.
You were hungry.

You visited 1 branch of the dungeon, and saw 4 of its levels.

You collected 82 gold pieces.

Inventory:

Hand Weapons
 a - a +0 hand axe
 t - a cursed +0 flail
 v - a +0 spear
 x - a +2 short sword of protection (weapon)
 E - a +0 mace
 G - a +0 scythe
Missiles
 g - 4 needles of confusion
 j - 39 bolts
 w - a tomahawk (quivered)
 D - 18 arrows
Armour
 b - a +0 leather armour
 r - a +0 chain mail
 H - a +0 ring mail (worn)
 J - a +0 leather armour
 K - a +0 leather armour
Jewellery
 z - a ring of poison resistance (left hand)
Wands
 y - a wand of polymorph (12/24)
Scrolls
 f - a scroll of magic mapping {unknown}
 h - 5 scrolls of identify
 i - a scroll of random uselessness {unknown}
 l - a scroll of recharging {unknown}
 m - 4 scrolls of immolation
 p - 3 scrolls of remove curse
 u - 2 scrolls of fear {unknown}
 A - a scroll of amnesia {unknown}
 I - a scroll of teleportation {unknown}
Potions
 e - a potion of berserk rage {unknown}
 n - 2 potions of curing {unknown}
 q - a potion of magic {unknown}
 s - 3 potions of flight {unknown}
 F - 2 potions of brilliance {unknown}
Books
 c - a book of Battle

   Spells                             Type                      Level
   a - Infusion                       Charms                       1
   b - Shroud of Golubria             Charms/Translocation         2
   c - Song of Slaying                Charms                       2
   d - Spectral Weapon                Hexes/Charms                 3
   e - Regeneration                   Charms/Necromancy            3
Comestibles
 d - 2 bread rations
 k - 6 chunks of flesh
 o - 2 royal jellies


   Skills:
 + Level 3.0 Fighting
 + Level 3.3 Short Blades
 + Level 3.5 Axes
 + Level 1.6 Throwing
 + Level 2.4 Armour
 + Level 2.6 Dodging
 + Level 0.5 Stealth
 + Level 2.2 Spellcasting
 + Level 3.4 Charms


You had one spell level left.
You knew the following spells:

 Your Spells              Type           Power        Failure   Level  Hunger
a - Infusion              Chrm           ##..         12%         1    ##.....
b - Shroud of Golubria    Chrm/Tloc      #.........   36%         2    ###....
c - Song of Slaying       Chrm           ##......     19%         2    ###....
d - Regeneration          Chrm/Necr      #.........   58%         3    ####...


Dungeon Overview and Level Annotations

Branches:
Dungeon (4/15)
 Temple: D:4-7

Altars:

Annotations:
D:4 Kloppie's ghost, novice HOGl


Message History

The river rat is moderately wounded.
The river rat bites you.
You feel sick.
You are no longer poisoned.
You hear the rusting of a drain nearby.
The river rat twitches its whiskers.
The river rat bites you but does no damage.
The river rat closely misses you.
The river rat bites you but does no damage.
Kloppie's ghost (novice Hill Orc Gladiator) comes into view.
Kloppie's ghost turns its malevolent gaze towards you.
The river rat closely misses you.
Kloppie's ghost says, "I was once a great warrior, and I still am!"
Kloppie's ghost whispers, "The ORB doesn't exist."
Casting: Infusion
Confirm with . or Enter, or press ? or * to list all spells.
You miscast Regeneration.
You are very lightly contaminated with residual magic.
You sense a malignant aura.
Kloppie's ghost hits you!!
You die...

#....................#
#.........#......##.#
#.........#....?....#
+.....##...##....#####
###### #...##....##
#....##...#.....(#
#.........#......#
#....<....#.Wr...#
#....##...##@...##
#.... #...##....#
###+# #..........#
#...##....##
+...##....#
#...#...... ......#
......#


You could see Kloppie's ghost and a river rat.

Vanquished Creatures
  Sigmund (D:2)
  A phantom (D:3)
  A centaur zombie (D:3)
  Terence (D:1)
  3 adders
  A shadow imp (D:4)
  3 worms (D:4)
  A leopard gecko (D:1)
  An orc (D:3)
  14 bats
  A giant cockroach (D:4)
  3 goblins (D:1)
  3 hobgoblins (D:1)
  2 jackals (D:2)
  9 kobolds
  A quokka (D:2)
  A frilled lizard (D:2)
  16 rats
63 creatures vanquished.

Notes
Turn   | Place    | Note
-------+----------+-------------------------------------------
     0 | D:1      | Internecine the Hill Orc Skald began the quest for the Orb.
     0 | D:1      | Reached XP level 1. HP: 18/18 MP: 3/3
   380 | D:1      | Reached XP level 2. HP: 23/25 MP: 0/4
  1134 | D:1      | Reached XP level 3. HP: 30/30 MP: 5/5
  1149 | D:1      | Learned a level 2 spell: Shroud of Golubria
  1701 | D:2      | Noticed Terence
  1739 | D:1      | Killed Terence
  1940 | D:2      | Reached XP level 4. HP: 36/37 MP: 6/6
  2098 | D:2      | Noticed Sigmund
  2115 | D:2      | Killed Sigmund
  2115 | D:2      | Reached XP level 5. HP: 31/44 MP: 2/8
  2137 | D:2      | Reached skill level 1 in Throwing
  2137 | D:2      | Reached XP level 6. HP: 39/50 MP: 4/9
  2481 | D:2      | Learned a level 2 spell: Song of Slaying
  2485 | D:2      | Learned a level 3 spell: Regeneration
  2913 | D:3      | Noticed a phantom
  2966 | D:3      | Killed a phantom
  3210 | D:4      | Noticed Kloppie's ghost (novice HOGl)
  3222 | D:4      | Slain by Kloppie's ghost

Skill      XL: |  1  2  3  4  5  6 |
---------------+-------------------+-----
Axes           | 3 |  3.5
Dodging        | 2 |  2.6
Charms         | 3 |  3.4
Short Blades   | 2 3 |  3.3
Armour         | 2 |  2.4
Spellcasting   | 2 |  2.2
Throwing       | 1 |  1.6
Fighting       | 3 |  3.0
Stealth        | |  0.5

Action                   |  1- 3 |  4- 6 || total
-------------------------+-------+-------++-------
Melee: Hand axe          |    51 |       ||    51
       Short sword       |    30 |   163 ||   193
Throw: Stone             |    31 |    42 ||    73
       Tomahawk          |     3 |     6 ||     9
       Throwing net      |       |     1 ||     1
 Cast: Infusion          |     8 |    11 ||    19
  Use: Scroll            |       |     2 ||     2
  Eat: Fruit             |     3 |     1 ||     4
       Chunk             |     1 |     3 ||     4
Armor: Leather armour    |    48 |     4 ||    52
       Ring mail         |       |    72 ||    72
Dodge: Dodged            |    85 |   121 ||   206
